 Dungeon Crawl Stone Soup version 0.30.1-4-g462c640d31 (webtiles) character file.

Game seed: 4291855318224954314

322 Nick1 the Shield-Bearer (level 6, -2/49 HPs)
             Began as a Formicid Fighter on Sept 17, 2023.
             Slain by a gnoll sergeant
             ... wielding a +0 trident
              (13 damage)
             ... on level 4 of the Dungeon.
             The game lasted 00:11:59 (2660 turns).

Nick1 the Shield-Bearer (Formicid Fighter)          Turns: 2660, Time: 00:12:00

Health: -2/49      AC: 12    Str: 23    XL:     6   Next: 76%
Magic:  6/6        EV:  6    Int:  7    God:
Gold:   259        SH:  5    Dex: 13    Spells: 5/5 levels left

rFire   . . .        a - +0 war axe
rCold   . . .        c - +0 buckler
rNeg    . . .        e - +0 plate armour
rPois   .            (helmet unavailable)
rElec   .            (no cloak)
rCorr   .            (no gloves)
SInv    +            (no boots)
Will    .....        (no amulet) Stlth
                     (no ring)
HPRegen 0.28/turn    (no ring)
MPRegen 0.10/turn

%: no passive effects
@: no status effects
A: permanent stasis, dig shafts and tunnels, antennae 3, four strong arms
a: Dig, Shaft Self


You were on level 4 of the Dungeon.
You visited 1 branch of the dungeon, and saw 4 of its levels.

You collected 259 gold pieces.

Inventory:

Hand Weapons
 a - a +0 war axe (weapon)
 b - a +0 halberd
Armour
 c - a +0 buckler (worn)
 e - a +0 plate armour (worn)
Jewellery
 m - an amulet of magic regeneration
Wands
 q - a wand of roots (3)
Scrolls
 f - 2 scrolls of enchant armour
 h - a scroll of blinking {unknown}
 i - 2 scrolls of fog {unknown}
 k - a scroll of magic mapping {unknown}
 l - 2 scrolls of poison
 o - 2 scrolls of amnesia {unknown}
 s - a scroll of vulnerability {unknown}
Potions
 d - 2 potions of might
 g - 2 potions of attraction
 j - a potion of curing
 n - a potion of lignification
 p - 2 potions of flight
 r - a potion of magic {unknown}
 t - a potion of heal wounds {unknown}


   Skills:
 * Level 4.6 Fighting
 * Level 3.8(4.1) Axes
 + Level 2.1(3.2) Polearms
 * Level 4.6 Armour
 + Level 0.1 Dodging
 * Level 4.9 Shields


You had 5 spell levels left.
You didn't know any spells.
Your spell library contained the following spells:

 Spells                   Type           Power      Damage    Failure   Level
 Sandblast                Erth           0%         2d4       100%        1
 Passwall                 Tmut/Erth      0%         N/A       100%        2
 Sublimation of Blood     Necr           0%         N/A       100%        2
 Stone Arrow              Conj/Erth      0%         3d7       100%        3
 Petrify                  Tmut/Erth      0%         N/A       100%        4
 Alistair's Intoxication  Tmut/Pois      0%         N/A       100%        5
 Borgnjor's Vile Clutch   Necr/Erth      0%         N/A       100%        5
 Irradiate                Conj/Tmut      0%         3d11      100%        5
 Eringya's Noxious Bog    Tmut/Pois      0%         N/A       100%        6


Dungeon Overview and Level Annotations

Branches:
Dungeon (4/15)
 Temple: D:4-7

Altars:
Hepliaklqana
Uskayaw
Zin
The Shining One


Innate Abilities, Weirdness & Mutations

You cannot be hasted, slowed, berserked, paralysed or teleported.
You can dig through walls and to a lower floor.
You have a pair of large antennae on your head. (SInv)
Your four strong arms can wield two-handed weapons with a shield.


Message History

The gnoll sergeant hits you with a +0 trident.
Unknown command.
You barely miss the gnoll sergeant.
The gnoll sergeant is moderately wounded.
You slash the gnoll! x2
You kill the gnoll!
The gnoll sergeant completely misses you.
The gnoll hits you but does no damage.
Unknown command.
You slash the gnoll sergeant!
The gnoll sergeant is heavily wounded.
You barely miss the gnoll. The gnoll sergeant barely misses you.
You block the gnoll's attack.
The gnoll sergeant hits you with a +0 trident.
* * * LOW HITPOINT WARNING * * *
The gnoll hits you with a +0 whip.
* * * LOW HITPOINT WARNING * * *
You feel better. The gnoll closely misses you.
You block the gnoll sergeant's attack.
You slash the gnoll sergeant!
The gnoll sergeant is almost dead.
You slash the gnoll!
You kill the gnoll!
The gnoll sergeant hits you with a +0 trident.
* * * LOW HITPOINT WARNING * * *
Unknown command.
You hit the gnoll sergeant.
The gnoll sergeant is almost dead.
The gnoll sergeant barely misses you.
You hit the gnoll sergeant but do no damage.
The gnoll sergeant is almost dead.
The gnoll sergeant hits you with a +0 trident.
* * * LOW HITPOINT WARNING * * *
You block the gnoll sergeant's attack.
Unknown command.
You feel better. The gnoll sergeant barely misses you.
You hit the gnoll sergeant but do no damage.
The gnoll sergeant is almost dead.
The gnoll sergeant hits you with a +0 trident!
You die...

#....# #.##....#.#......
#....####.......###...##.
#........####...####.#...
#........# #........#...
###......# ####..###....
#......#######....#..##
#............. #......
###...).####....###..##
#..g@)...............
####)#.........####..
#.####......#<.... #.#
.........†). ...
.###.#####.) ... # #..
... ... #.... { #### {


You could see a gnoll sergeant.

Vanquished Creatures
  A black bear (D:4)
  Ijyb (D:3)
  An iguana (D:3)
  Robin (D:4)
  5 gnolls (D:4)
  4 adders
  An ufetubus (D:4)
  A worm (D:4)
  A dart slug (D:2)
  3 orcs
  8 bats
  6 endoplasms
  4 giant cockroaches
  13 goblins
  9 hobgoblins
  4 quokkas
  7 ball pythons
  3 frilled lizards
  4 kobolds
  3 rats
80 creatures vanquished.

Notes
Turn   | Place    | Note
-------+----------+-------------------------------------------
     0 | D:1      | Nick1 the Formicid Fighter began the quest for the Orb.
     0 | D:1      | Reached XP level 1. HP: 18/18 MP: 1/1
   114 | D:1      | Reached XP level 2. HP: 24/24 MP: 2/2
   663 | D:2      | Found a faded altar of an unknown god.
   667 | D:2      | Reached XP level 3. HP: 29/29 MP: 3/3
  1335 | D:3      | Found a hide-covered altar of Uskayaw.
  1403 | D:3      | Reached XP level 4. HP: 35/37 MP: 4/4
  1452 | D:3      | Noticed Ijyb
  1461 | D:3      | Killed Ijyb
  1462 | D:3      | Reached skill level 1 in Polearms
  1582 | D:3      | Found a glowing golden altar of the Shining One.
  1621 | D:3      | Noticed an angel
  1622 | D:3      | Found a glowing silver altar of Zin.
  1783 | D:3      | Reached XP level 5. HP: 42/42 MP: 5/5
  2304 | D:4      | Found a hazy altar of Hepliaklqana.
  2401 | D:4      | Noticed Robin
  2433 | D:4      | Killed Robin
  2434 | D:4      | Reached XP level 6. HP: 19/49 MP: 6/6
  2635 | D:4      | Noticed a black bear
  2642 | D:4      | Killed a black bear
  2660 | D:4      | Slain by a gnoll sergeant

Illustrated notes

Levels and vault maps discovered:
D:1:      psy_arrival_dodecagon, layout_basic, eino_curves_02,
          hangedman_abyss_or_decor_lesser_grid
D:2:      layout_loops_ring, basic_ecumenical_altar, amethyst_killhole
D:3:      layout_rooms, zin_angel, old_standard_altar, old_standard_altar,
          uniq_ijyb
D:4:      layout_basic, nicolae_gozag_cash_rules_everything_around_me,
          nicolae_hepliaklqana_hazy_memory, uniq_robin

Skill      XL: |  1  2  3  4  5  6 |
---------------+-------------------+-----
Armour         | 4 |  4.6
Polearms       | 1 2 |  2.1
Fighting       | 4 |  4.6
Axes           | 3 |  3.8
Dodging        | |  0.1
Shields        | |  4.9

Action                     |  1- 3 |  4- 6 || total
---------------------------+-------+-------++-------
  Melee: War axe           |    93 |    36 ||   129
         Halberd           |    10 |   136 ||   146
    Use: Scroll            |     5 |     3 ||     8
         Potion            |       |     3 ||     3
 Armour: Scale mail        |    18 |       ||    18
         Plate armour      |    58 |   162 ||   220
  Dodge: Dodged            |    41 |    65 ||   106
  Block: Buckler           |    32 |    49 ||    81
